 Dungeon Crawl Stone Soup version 0.25-a0-668-gea548f19b6 (console) character file.

Game seed: 14354785016201884774, levelgen mode: classic

973 Duffy the Conjurer (level 8, 0/62 HPs)
             Began as a Naga Fire Elementalist on Mar 28, 2020.
             Slain by Maggie
             ... wielding a +2 vorpal halberd
              (5 damage)
             ... on level 6 of the Dungeon.
             The game lasted 00:09:40 (7752 turns).

Duffy the Conjurer (Naga Fire Elementalist)         Turns: 7752, Time: 00:09:41

Health: 0/62       AC:  3    Str: 10    XL:     8   Next: 16%
Magic:  12/22      EV: 10    Int: 17    God:
Gold:   252        SH:  4    Dex: 13    Spells: 6/14 levels left

rFire    . . .     SeeInvis +   F - +4 whip (elec)
rCold    + . .     Gourm    .   j - +0 buckler
rNeg     + . .     Faith    .   N - +0 robe {rN+}
rPois    +         Spirit   .   (no helmet)
rElec    .         Reflect  .   (no cloak)
rCorr    .         Harm     .   (no gloves)
MR       +....                  (no barding)
Stlth    ++........             D - amulet of rage
HPRegen  0.20/turn              A - ring of protection from cold
MPRegen  0.18/turn              C - ring of magical power

@: mesmerised, very slightly contaminated, lightly drained, very slow
A: large, see invisible, deformed body, poison resistance, slowness 2, slow
metabolism 1, spit poison 1, AC +2
a: Spit Poison, Evoke Berserk Rage


You were on level 6 of the Dungeon.
You were not hungry.

You visited 2 branches of the dungeon, and saw 7 of its levels.
You also visited: Sewer.

You collected 252 gold pieces.

Inventory:

Hand Weapons
 g - a +0 dagger
 i - a +0 spear
 l - a +0 dagger of holy wrath
 o - a +0 dagger of speed
 y - a +0 dagger of venom
 z - a +0 whip of venom
 F - a +4 whip of electrocution (weapon)
Missiles
 h - 3 javelins (quivered)
Armour
 j - a +0 buckler (worn)
 I - a +1 ring mail of cold resistance
 N - a +0 robe of positive energy (worn)
 O - a +2 leather armour of poison resistance
Jewellery
 f - an uncursed ring of protection from fire
 A - a ring of protection from cold (left hand)
 C - a ring of magical power (right hand)
 D - an amulet of rage (around neck)
 E - a +2 amulet of reflection
Wands
 x - a wand of acid (5)
 B - a wand of random effects (19)
 K - a wand of paralysis (7)
Scrolls
 b - a scroll of amnesia
 e - a scroll of magic mapping {unknown}
 m - a scroll of enchant weapon {unknown}
 q - 2 scrolls of teleportation {unknown}
 r - a scroll of random uselessness {unknown}
 s - 3 scrolls of remove curse
 t - a scroll of enchant armour {unknown}
 u - a scroll of fear {unknown}
 L - a scroll of holy word {unknown}
Potions
 a - a potion of stabbing {unknown}
 d - 4 potions of curing
 k - a potion of brilliance
 n - a potion of lignification
 p - a potion of magic
 v - a potion of heal wounds {unknown}
 w - 4 potions of flight {unknown}
 G - a potion of cancellation {unknown}
 H - a potion of invisibility
 J - a potion of resistance {unknown}
Comestibles
 c - 11 rations


   Skills:
 - Level 1.5(1.1) Dodging
 - Level 3.0(2.5) Stealth
 - Level 3.0(2.5) Shields
 + Level 3.6(3.1) Spellcasting
 * Level 5.7(5.2) Conjurations
 * Level 5.7(5.2) Fire Magic


You had 6 spell levels left.
You knew the following spells:

 Your Spells              Type           Power        Failure   Level  Hunger
h - Foxfire               Conj/Fire      ###.         1%          1    None
j - Sticky Flame          Conj/Fire      ###.....     21%         4    ####...
l - Conjure Flame         Conj/Fire      ###.....     6%          3    ###....

Your spell library contained the following spells:

 Spells                   Type           Power        Failure   Level  Hunger
 Summon Small Mammal      Summ           #...         17%         1    None
 Inner Flame              Hex/Fire       ##......     19%         3    ###....
 Call Imp                 Summ           #.......     26%         2    ##.....
 Call Canine Familiar     Summ           #.......     45%         3    ###....
 Summon Guardian Golem    Hex/Summ       #.......     45%         3    ###....
 Fireball                 Conj/Fire      ###.......   50%         5    ######.
 Summon Ice Beast         Ice/Summ       #.......     86%         4    ####...
 Summon Lightning Spire   Summ/Air       #.......     86%         4    ####...


Dungeon Overview and Level Annotations

Branches:
Dungeon (6/15)             Temple (1/1) D:4           Sewer (visited)

Altars:
Ashenzari
Cheibriados
Dithmenos
Hepliaklqana
Kikubaaqudgha
Makhleb
Okawaru
Qazlal
Ru
Trog
Uskayaw
Vehumet
Wu Jian
Yredelemnul
Zin
The Shining One

Annotations:
D:6 Maggie


Innate Abilities, Weirdness & Mutations

You cannot wear boots.
Your serpentine skin is tough. (AC +2)
You have supernaturally acute eyesight. (SInv)
Armour fits poorly on your strangely shaped body.
Your system is resistant to poisons. (rPois)
You cover ground very slowly.
You have a slow metabolism.
You can spit poison.


Message History

Maggie is severely wounded.
Maggie practices a pose.
Maggie casts a spell.
Maggie draws you further into her thrall.
Evoke which item? (* to show all) (? for menu, Esc to quit)
Aiming: Corrosive Bolt
Press: ? - help, Shift-Dir - straight line, f/p - Maggie
Aim: Maggie, wielding a +2 vorpal halberd and wearing +0 swamp dragon scales (severely wounded, mesmerising)
The bolt of acid hits Maggie.
Maggie is splashed with acid.
The acid corrodes Maggie!
Maggie is severely wounded.
Maggie gestures wildly while chanting.
Maggie draws you further into her thrall.
Evoke which item? (* to show all) (? for menu, Esc to quit)
Aiming: Corrosive Bolt
Press: ? - help, Shift-Dir - straight line, f/p - Maggie
Aim: Maggie, wielding a +2 vorpal halberd and wearing +0 swamp dragon scales (severely wounded, covered in acid, mesmerising)
The bolt of acid misses Maggie.
Maggie hits you with a +2 vorpal halberd.
You die...

#...............%.)..
#........%...######.#
##..........#...####.#
#........###..>...#...
#........##.........[.
#?.......#............
#.....................
#.....^...............
#...@.................
#...@....#............
#........#............
#........##...........
#>.......# ..
##########


You could see Maggie.

Vanquished Creatures
  An orc warrior (D:6)
  An ogre (D:5)
  A centaur (D:5)
  A big kobold (Sewer)
  A gnoll sergeant (D:5)
  2 scorpions (D:4)
  A crimson imp (D:6)
  2 orc wizards (D:6)
  An iguana (D:3)
  A worker ant (D:5)
  A hound skeleton (D:5)
  12 gnolls
  7 adders
  2 river rats (Sewer)
  2 shadow imps (D:5)
  3 worms
  3 dart slugs
  3 leopard geckos (D:2)
  7 orcs
  6 giant cockroaches
  11 goblins
  9 hobgoblins
  11 jackals
  10 kobolds
  2 quokkas
  5 ball pythons
  6 bats
  4 frilled lizards
  6 rats
122 creatures vanquished.

Vanquished Creatures (others)
  A dart slug (D:1)
  A giant cockroach (D:1)
  A goblin (D:1)
  2 hobgoblins (D:1)
  4 jackals (D:1)
  A kobold (D:1)
  263 foxfires
273 creatures vanquished.

Grand Total: 395 creatures vanquished

Notes
Turn   | Place    | Note
-------+----------+-------------------------------------------
     0 | D:1      | Duffy the Naga Fire Elementalist began the quest for the
                  | Orb.
     0 | D:1      | Reached XP level 1. HP: 15/15 MP: 3/3
   360 | D:1      | Reached XP level 2. HP: 22/22 MP: 1/5
  1553 | D:2      | Reached XP level 3. HP: 27/28 MP: 6/6
  1558 | D:2      | Learned a level 3 spell: Conjure Flame
  1653 | D:2      | Found a snail-covered altar of Cheibriados.
  2076 | D:2      | Reached XP level 4. HP: 36/36 MP: 0/7
  2740 | D:3      | Found a glowing drain.
  2758 | Sewer    | Entered a sewer
  2971 | Sewer    | Noticed a big kobold
  2981 | Sewer    | Killed a big kobold
  2981 | Sewer    | Reached XP level 5. HP: 42/42 MP: 0/8
  3055 | Sewer    | Learned a level 4 spell: Sticky Flame
  3065 | Sewer    | Found a white marble altar of Elyvilon.
  3788 | D:3      | Reached XP level 6. HP: 49/49 MP: 6/10
  3883 | D:4      | Found a shattered altar of Ashenzari.
  4330 | D:4      | Found a staircase to the Ecumenical Temple.
  4356 | Temple   | Entered the Ecumenical Temple
  5352 | D:4      | Found a basalt altar of Yredelemnul.
  5574 | D:5      | Entered Level 5 of the Dungeon
  5667 | D:5      | Reached skill level 1 in Shields
  5667 | D:5      | Reached XP level 7. HP: 10/55 MP: 11/11
  6297 | D:5      | Found a stormy altar of Qazlal.
  6381 | D:5      | Found a shadowy altar of Dithmenos.
  6700 | D:5      | Reached skill level 5 in Conjurations
  6864 | D:5      | Reached skill level 5 in Fire Magic
  7087 | D:6      | Found a radiant altar of Vehumet.
  7370 | D:6      | Reached XP level 8. HP: 62/62 MP: 13/13
  7739 | D:6      | Noticed Maggie
  7752 | D:6      | Slain by Maggie

Levels and vault maps discovered:
D:1:      minmay_arrival_nine_rooms, layout_basic, serial_rivers,
          chequers_serial_rivers_micro_e, chequers_serial_rivers_marsh,
          chequers_serial_rivers_small_a, chequers_serial_rivers_micro_c,
          lemuel_old_faithful
D:2:      layout_basic, nicolae_overflow_crystal_walls, first_ration
D:3:      layout_rooms, cheibrodos_sewer_entry_drain
D:4:      layout_loops_corners, ashenzari_altar_1, lemuel_crystal_altar,
          minmay_temple_entry_tees
D:5:      layout_loops_cross, nicolae_qazlal_general_emergency,
          grunt_dithmenos_shadows
D:6:      layout_rooms, kennysheep_mini_moat, led_sif_book, kennysheep_mini,
          tgw_xom, serial_glass, glass_columns_c, glass_columns_a, uniq_maggie
Temple:   minmay_temple_curvy_loop

Skill      XL: |  1  2  3  4  5  6  7 |
---------------+----------------------+-----
Conjurations   | 2 3 4 5 |  5.7
Fire Magic     | 4 5 |  5.7
Spellcasting   | 3 |  3.6
Shields        | 1 3 |  3.0
Dodging        | |  1.5
Stealth        | |  3.0

Action                   |  1- 3 |  4- 6 |  7- 9 || total
-------------------------+-------+-------+-------++-------
Melee: Dagger            |    41 |   100 |       ||   141
       Spear             |     3 |       |       ||     3
       Whip              |       |    37 |    75 ||   112
 Cast: Foxfire           |    31 |    90 |    40 ||   161
       Sticky Flame      |       |       |     4 ||     4
 Abil: Spit Poison       |     8 |     7 |     3 ||    18
       Evoke Berserk Rag |       |     1 |     4 ||     5
Evoke: Wand              |       |     1 |     3 ||     4
  Use: Scroll            |     4 |     2 |       ||     6
 Stab: Sleeping          |     1 |     6 |       ||     7
  Eat: Chunk             |     3 |    10 |    11 ||    24
Armor: Robe              |    12 |    26 |    13 ||    51
Dodge: Dodged            |    24 |    83 |    30 ||   137
Block: Other             |       |     5 |       ||     5
       Buckler           |       |       |    21 ||    21

Table legend:
 A = Non-vault XP
 B = Vault XP
 C = Vault XP percentage of total XP
 D = Non-vault monster count
 E = Vault monster count
 F = Vault count percentage of total count
                 A         B        C        D         E       F
            +---------+---------+-------+---------+---------+-------
      Total |    1246 |     144 |  10.4 |     109 |      13 |  10.7
            +---------+---------+-------+---------+---------+-------
        D:1 |      25 |       0 |   0.0 |      13 |       0 |   0.0
        D:2 |      69 |       0 |   0.0 |      16 |       0 |   0.0
        D:3 |      93 |       2 |   2.1 |      29 |       2 |   6.5
        D:4 |     248 |       0 |   0.0 |      16 |       0 |   0.0
        D:5 |     523 |      12 |   2.2 |      21 |       1 |   4.5
        D:6 |     288 |       0 |   0.0 |      14 |       0 |   0.0
      Sewer |       0 |     130 | 100.0 |       0 |      10 | 100.0
            +---------+---------+-------+---------+---------+-------
